AoeStats
← pichevskij

Arabian Desert

510056681Analyzed
1v1 RM · 2d ago on Sep 29, 2026· 58m 12s· 2 players
Game mode
Random Map
Map size
Tiny (2 player)
Population
200
Speed
Normal
Resources
Standard
Victory
Conquest
Starting age
Dark Age
Ending age
Imperial Age
RankedLock teamsTeams togetherTeam positionsShared explorationLock speedFull tech treeHidden civsTurbo modeCheats
Victory
Defeat
🇫🇷 Danes · France
895
+15
🇪🇸 Sicilians · Spain
878
-15
pichevskij
12:45 Feudal Age
11:02 Loom
23:30 Double-Bit Axe
23:27 Horse Collar
28:51 Castle Age
27:38 Fletching
28:56 Scale Mail Armor
31:57 Heavy Plow
36:16 Wheelbarrow
38:42 Imperial Age
37:01 Pikeman
40:45 Town Watch
40:58 Bodkin Arrow
41:04 Padded Archer Armor
41:18 Bow Saw
41:41 Crop Rotation
40:49 Halberdier
41:45 Husbandry
43:02 Bloodlines
42:14 Cavalier
44:53 Forging
44:48 Squires
46:16 Capped Ram
48:39 Sanctity
51:46 Murder Holes
52:12 Ballistics
52:23 Leather Archer Armor
52:32 Scale Barding Armor
52:32 Gambesons
52:08 Man-at-Arms
53:53 Masonry
56:29 Hoardings
56:20 First Crusade
55:32 Crossbowman
56:57 Hand Cart
56:38 Long Swordsman
57:47 Chain Mail Armor
RichardDiver
4:42 Loom
11:01 Feudal Age
11:58 Horse Collar
12:06 Double-Bit Axe
12:11 Town Watch
12:06 Man-at-Arms
20:23 Wheelbarrow
19:59 Fletching
27:46 Castle Age
27:38 Scale Barding Armor
27:37 Padded Archer Armor
27:51 Arson
28:23 Scale Mail Armor
28:17 Gold Mining
29:37 Bodkin Arrow
31:47 Squires
35:34 Elite Skirmisher
37:49 Forging
38:32 Bow Saw
39:50 Ballistics
39:46 Stone Mining
40:10 Heavy Plow
43:41 Imperial Age
41:24 Gambesons
42:22 Leather Archer Armor
43:00 Masonry
43:38 Chain Mail Armor
44:22 Iron Casting
43:41 Long Swordsman
44:51 Two-Handed Swordsman
47:33 Murder Holes
48:34 Bloodlines
50:06 Crossbowman
50:14 Champion
51:26 Husbandry
52:22 Hand Cart
51:54 Light Cavalry
55:19 Town Patrol
55:52 Plate Mail Armor
56:33 Hoardings
56:07 Elite Varangian Guard
57:09 Siege Engineers
58:46 Thumb Ring
Connection lost

Rejoining the realm…

Still unreachable

The connection could not be restored.

Session expired

The server has moved on; the page needs a fresh start.